 Dungeon Crawl Stone Soup version 0.28-a0-1485-g077359a4bf (webtiles) character file.

Game seed: 760087767443897322

332 Ajdolov the Stinger (level 6, -9/49 HPs)
             Began as a Naga Venom Mage on Jan 11, 2022.
             Mangled by an ogre (29 damage)
             ... on level 3 of the Dungeon.
             The game lasted 00:17:51 (4623 turns).

Ajdolov the Stinger (Naga Venom Mage)               Turns: 4623, Time: 00:17:51

Health: -9/49      AC:  6    Str: 10    XL:     6   Next: 52%
Magic:  7/10       EV: 10    Int: 17    God:
Gold:   28         SH:  0    Dex: 12    Spells: 5/11 levels left

rFire   . . .      SeeInvis +   n - +2 quarterstaff (chaos)
rCold   . . .      Faith    .   (shield currently unavailable)
rNeg    . . .      Spirit   .   a - +0 robe
rPois   +          Reflect  .   (no helmet)
rElec   .          Harm     .   c - +2 cloak
rCorr   .          Rampage  .   (no gloves)
Will    .....                   (no barding)
Stlth   ++........              (no amulet)
HPRegen 0.16/turn               (no ring)
MPRegen 0.12/turn               (no ring)

@: very slow
A: AC +2, large, see invisible, deformed body, poison resistance, slowness 2,
spit poison 1, naga tail 1
a: Spit Poison


You were on level 3 of the Dungeon.
You visited 1 branch of the dungeon, and saw 4 of its levels.

You collected 67 gold pieces.
You spent 39 gold pieces at shops.

Inventory:

Hand Weapons
 b - a +2 dagger of protection
 h - a +0 dagger of venom
 n - a +2 quarterstaff of chaos (weapon)
Armour
 a - a +0 robe (worn)
 c - a +2 cloak (worn)
 j - a +2 leather armour of cold resistance
Jewellery
 d - an amulet of reflection
Wands
 m - a wand of iceblast (7)
Scrolls
 e - 3 scrolls of identify {unknown}
 g - a scroll of brand weapon {unknown}
 i - 2 scrolls of enchant weapon {unknown}
 k - a scroll of acquirement {unknown}
Potions
 f - a potion of might {unknown}
 l - a potion of curing {unknown}


   Skills:
 - Level 1.5 Dodging
 - Level 3.0 Stealth
 - Level 3.0 Spellcasting
 * Level 3.3 Conjurations
 - Level 1.9 Transmutations
 * Level 3.3 Air Magic
 - Level 5.0 Poison Magic


You had 5 spell levels left.
You knew the following spells:

 Your Spells              Type           Power      Damage    Failure   Level
a - Sting                 Tmut/Pois      56%        1d5       4%          1
b - Poisonous Vapours     Pois/Air       32%        N/A       4%          2
c - Mephitic Cloud        Conj/Pois/Air  15%        N/A       11%         3

Your spell library contained the following spells:

 Spells                   Type           Power      Damage    Failure   Level
 Olgreb's Toxic Radiance  Pois           19%        N/A       22%         4


Dungeon Overview and Level Annotations

Branches:
Dungeon (4/15)
 Temple: D:4-7

Altars:

Shops:
D:3 *

Annotations:
D:3 3 runed translucent doors, kae's ghost, amateur DrTm; p0werm0de's ghost, amateur BaCK; p0werm0de's ghost, amateur MiCK
D:4 Blork the orc


Innate Abilities, Weirdness & Mutations

Your serpentine skin is tough. (AC +2)
You have supernaturally acute eyesight. (SInv)
Armour fits poorly on your strangely shaped body.
Your system is resistant to poisons. (rPois)
You cover ground very slowly.
You can spit poison.
You have a snake-like lower body.


Message History

The stinking cloud engulfs you but does no damage.
You hear a shout! x2
The ogre is engulfed in noxious fumes.
The ogre appears confused.
The ogre is engulfed in noxious fumes.
The ogre is engulfed in noxious fumes.
The ogre cries.
The ogre ponders the situation.
There is a stone staircase leading up, spattered with blood here.
The ogre looks more healthy.
You climb upwards.
Level annotation: 3 runed translucent doors, kae's ghost, amateur DrTm; p0werm0de's ghost, amateur BaCK; p0werm0de's ghost, amateur MiCK
There is a stone staircase leading down here.
You start resting.
HP restored.
You start resting.
Magic restored.
Things that are here:
a +0 ring mail; a +0 short sword; an orc skeleton
There is a stone staircase leading down here.
You climb downwards.
Level annotation: Blork the orc The black bear growls angrily.
The orc shouts!
The orc wizard shouts!
The ogre hits you with a +0 giant spiked club!!
The iguana hisses angrily.
There is a stone staircase leading up, spattered with blood here.
The ogre hits you with a +0 giant spiked club!
You climb upwards.
Level annotation: 3 runed translucent doors, kae's ghost, amateur DrTm; p0werm0de's ghost, amateur BaCK; p0werm0de's ghost, amateur MiCK
There is a stone staircase leading down here.
Casting: Mephitic Cloud (dangerous; 11% risk of failure)
Confirm with . or Enter, or press ? or * to list all spells.
Aiming: Mephitic Cloud (dangerous; 11% risk of failure)
Press: ? - help, Shift-Dir - straight line, f - ogre
Aim: an ogre, wielding a +0 giant spiked club (chance to affect: 77%)
The ball explodes into a vile cloud!
The stinking cloud engulfs the ogre but does no damage.
The stinking cloud engulfs you but does no damage.
The ogre is engulfed in noxious fumes.
The ogre hits you with a +0 giant spiked club!!
Ouch! That really hurt!
You die...

#.# #.##### #.# #.# ##
#####.# #.# #.
#.....### #.# #.
#.......# #.# #.
#.......# #.# #.
#.......#### #.# #.
#..........###.## #(
#○○@.........#..# #.
#.O.....##.#.##.###.
###.☼.....##.#.##.#..)
#.......####.#.##.#.#.
######## #.#.##.##
#.#........ #......#
#.#.##.# #.####....#
#<####.###.#.##.# #.#
#..... #.#
#........#.# #.#
#..#.# ###.#
#........#†# #.#
#..#.#


You could see an ogre.

Vanquished Creatures
  Crazy Yiuf (D:3)
  2 orc priests
  Jessica (D:3)
  Ijyb (D:3)
  2 orc wizards (D:3)
  Natasha (twice) (D:2)
  3 adders (D:2)
  An ufetubus (D:3)
  A worm (D:2)
  3 dart slugs
  6 orcs
  3 ball pythons
  2 bats
  2 endoplasms (D:3)
  2 giant cockroaches
  3 goblins
  8 hobgoblins
  3 jackals (D:2)
  2 quokkas (D:1)
  A frilled lizard (D:3)
  5 kobolds
  A rat (D:3)
55 creatures vanquished.

Vanquished Creatures (others)
  4 withered plants (D:3)
4 creatures vanquished.

Grand Total: 59 creatures vanquished

Notes
Turn   | Place    | Note
-------+----------+-------------------------------------------
     0 | D:1      | Ajdolov the Naga Venom Mage began the quest for the Orb.
     0 | D:1      | Reached XP level 1. HP: 15/15 MP: 3/3
   156 | D:1      | Reached XP level 2. HP: 15/22 MP: 5/5
   724 | D:1      | Found a faded altar of an unknown god.
  1068 | D:2      | Reached XP level 3. HP: 27/28 MP: 6/6
  1071 | D:2      | Learned a level 2 spell: Poisonous Vapours
  1243 | D:2      | Learned a level 3 spell: Mephitic Cloud
  1570 | D:2      | You fall into a shaft and drop 2 floors!
  1570 | D:4      | Noticed a black bear
  1580 | D:4      | Noticed Ijyb
  1582 | D:4      | Paralysed by Ijyb for 7 turns
  1595 | D:3      | Paralysed by Ijyb for 5 turns
  1670 | D:2      | Reached XP level 4. HP: 26/36 MP: 2/8
  1752 | D:2      | Noticed Natasha
  1865 | D:2      | Killed Natasha
  1866 | D:2      | Reached skill level 1 in Conjurations
  1866 | D:2      | Reached skill level 1 in Air Magic
  2077 | D:2      | Noticed Natasha
  2083 | D:2      | Killed Natasha
  2340 | D:3      | Found Hodiecas's General Store.
  2345 | D:3      | Bought a scroll of teleportation for 39 gold pieces
  2383 | D:3      | Noticed Jessica
  2389 | D:3      | Killed Jessica
  2390 | D:3      | Reached skill level 5 in Poison Magic
  2390 | D:3      | Reached XP level 5. HP: 41/42 MP: 4/9
  2468 | D:3      | Paralysed by Ijyb for 4 turns
  2473 | D:3      | Paralysed by Ijyb for 3 turns
  2477 | D:3      | Killed Ijyb
  2807 | D:3      | Found a runed translucent gate.
  2808 | D:3      | Found a runed translucent gate.
  2808 | D:3      | Found a runed translucent gate.
  2845 | D:3      | Reached XP level 6. HP: 18/49 MP: 8/10
  3042 | D:3      | Noticed kae's ghost (amateur DrTm)
  3042 | D:3      | Noticed p0werm0de's ghost (amateur BaCK)
  3042 | D:3      | Noticed p0werm0de's ghost (amateur MiCK)
  3556 | D:3      | Found a runed translucent door.
  3557 | D:3      | Noticed Crazy Yiuf
  3749 | D:3      | Killed Crazy Yiuf
  3904 | D:4      | Noticed Blork the orc
  4623 | D:3      | Mangled by an ogre

Illustrated notes

Levels and vault maps discovered:
D:1:      psy_arrival_conway, layout_basic, basic_ecumenical_altar
D:2:      layout_basic, serial_bayou_lake_a, uniq_natasha
D:3:      layout_loops_ring, gammafunk_ghost_cemetery, serial_shops,
          nicolae_square_shop, uniq_jessica, uniq_crazy_yiuf_cottage
D:4:      kennysheep_goblin_castle, layout_cave_pools,
          ebering_ghost_reflecting_pool, uniq_robin, uniq_ijyb, uniq_grinder,
          uniq_blork_the_orc

Skill      XL: |  1  2  3  4  5  6 |
---------------+-------------------+-----
Spellcasting   | 3 |  3.0
Conjurations   | 1 2 3 |  3.3
Air Magic      | 1 2 3 |  3.3
Poison Magic   | 5 |  5.0
Dodging        | |  1.5
Stealth        | |  3.0
Transmutations | |  1.9

Action                   |  1- 3 |  4- 6 || total
-------------------------+-------+-------++-------
Melee: Dagger            |   107 |    71 ||   178
       Unarmed           |     4 |       ||     4
       Punch             |     2 |     2 ||     4
       Quarterstaff      |       |    12 ||    12
 Cast: Sting             |     6 |     2 ||     8
       Poisonous Vapours |    10 |    34 ||    44
       Mephitic Cloud    |       |     5 ||     5
 Abil: Spit Poison       |     7 |     9 ||    16
Evoke: Wand              |       |     1 ||     1
  Use: Scroll            |     2 |     1 ||     3
       Potion            |     2 |       ||     2
 Stab: Sleeping          |     5 |     1 ||     6
       Confused          |       |     1 ||     1
Armor: Robe              |    64 |    43 ||   107
Dodge: Dodged            |    64 |    43 ||   107

Table legend: (Time is in decaauts)
 A = Elapsed time spent in this place.
 B = Non-inter-level travel time spent in this place.
 C = Inter-level travel time spent in this place.
 D = Time resting spent in this place.
 E = Time spent auto-exploring this place.
 F = Levels seen in this place.
 G = Mean time per level.
                   A        B        C        D        E       F      G
               +--------+--------+--------+--------+--------+-----+--------+
         Total |   5535 |   5122 |    413 |   1007 |   3330 |   4 | 1383.8 |
       Dungeon |   5535 |   5122 |    413 |   1007 |   3330 |   4 | 1383.8 |
               +--------+--------+--------+--------+--------+-----+--------+

Top non-repeatable levels by time:
     D:3: 2709 daAuts
     D:2: 1468 daAuts
     D:1: 1267 daAuts
     D:4: 89 daAuts
